 Dungeon Crawl Stone Soup version bcrawl-1.28.4 (webtiles) character file.

Game seed: 2628334415729269273

351345 esc the Fighter (level 11, -9/108 HPs)
             Began as a Hill Orc Archaeologist on Jan 13, 2021.
             Was a Priest of Wu Jian.
             Killed by the raging water
             ... invoked by a water nymph
              (30 damage)
             ... on level 2 of the Lair of Beasts.
             The game lasted 00:18:54 (11142 turns).

esc the Fighter (Hill Orc Archaeologist)           Turns: 11142, Time: 00:18:55

Health: -9/108     AC: 13    Str: 18    XL:     11   Next: 75%
Magic:  11/11      EV: 11    Int: 18    God:    Wu Jian [***...]
Gold:   1928       SH:  0    Dex:  9    Spells: 10/10 levels left

rFire    . . .     SeeInvis +   M - +1 rapier (venom)
rCold    + . .     Gourm    .   (no shield)
rNeg     . . .     Faith    .   r - +1 ring mail {rC+}
rPois    .         Spirit   .   d - +1 hat
rElec    .         Reflect  .   s - +0 cloak
rCorr    .         Harm     .   I - +0 pair of gloves
MR       +....                  y - +1 pair of boots of Fortitude {Int+4}
Stlth    +.........             G - amulet of rage
HPRegen  0.28/turn              x - ring of protection from magic
MPRegen  0.12/turn              w - ring of see invisible

@: very slow
A: no striking features
a: Wall Jump, Serpent's Lash, Renounce Religion, Evoke Berserk Rage


You were on level 2 of the Lair of Beasts.
You worshipped Wu Jian.
Wu Jian was most pleased with you.
You were hungry.

You visited 2 branches of the dungeon, and saw 9 of its levels.
You also visited: Sewer.

You collected 1928 gold pieces.

Inventory:

Hand Weapons
 b - a +0 blowgun
 B - a +0 short sword of speed
 J - a +0 triple sword
 M - a +1 rapier of venom (weapon)
Missiles
 f - 6 curare-tipped needles
 p - 211 poisoned needles
 D - 73 poisoned tomahawks (quivered)
Armour
 d - a +1 hat (worn)
 r - a +1 ring mail of cold resistance (worn)
 s - a +0 cloak (worn)
 y - the +1 pair of boots of Fortitude (worn) {Int+4}
   (You found it on level 5 of the Dungeon)

   It affects your intelligence (+4).
 I - a +0 pair of gloves (worn)
 K - a +0 plate armour
Jewellery
 w - a ring of see invisible (right hand)
 x - a ring of protection from magic (left hand)
 F - an uncursed ring of insulation
 G - an amulet of rage (around neck)
 L - an uncursed ring of resist corrosion
Scrolls
 a - 7 scrolls of remove curse
 g - a scroll of magic mapping
 k - a scroll of teleportation
 n - 3 scrolls of immolation {unknown}
 q - a scroll of amnesia {unknown}
 t - 4 scrolls of enchant weapon {unknown}
 v - 4 scrolls of fog {unknown}
 C - 2 scrolls of enchant armour {unknown}
 H - 2 scrolls of noise {unknown}
Potions
 c - 3 potions of might
 h - a potion of agility
 i - 2 potions of degeneration
 j - 3 potions of ambrosia
 l - 2 potions of brilliance {unknown}
 m - a potion of flight
 o - 3 potions of curing
 u - 3 potions of heal wounds {unknown}
 z - 2 potions of haste {unknown}
 E - a potion of magic {unknown}
Comestibles
 e - 11 rations {!d}


   Skills:
 + Level 13.9 Fighting
   Level 13.9 Short Blades
   Level 13.9 Long Blades
   Level 13.9 Axes
   Level 13.9 Maces & Flails
   Level 13.9 Polearms
   Level 13.9 Staves
 - Level 7.0 Armour
 - Level 2.4 Dodging
 - Level 2.6 Stealth
   Level 13.9 Unarmed Combat


You had 10 spell levels left.
You didn't know any spells.
Your spell library contained the following spells:

 Spells                   Type           Power        Failure   Level  Hunger
 Animate Skeleton         Necr           N/A          34%         1    None
 Apportation              Tloc           #.....       34%         1    None
 Infusion                 Chrm           #.......     34%         1    None
 Sandblast                Erth           #.....       34%         1    None
 Slow                     Hex            #.......     34%         1    None
 Summon Butterflies       Summ           #.......     34%         1    None


Dungeon Overview and Level Annotations

Branches:
Dungeon (7/12)             Temple (0/1) D:5            Lair (2/6) D:7
 Shoals (0/3) Lair:2
  Snake: Lair:2-4    Spider: Lair:2-4

Altars:
Kikubaaqudgha
Lugonu
Qazlal
Ru
Sif Muna
Trog
Vehumet
Wu Jian

Shops:
D:5 :

Annotations:
Lair:1 exclusion: oklob plant


Message History

You hit the water nymph.
The water nymph is heavily wounded.
The water nymph touches you. The water nymph drowns you!
Your unstable footing causes you to fumble your attack.
Your unstable footing causes you to fumble your attack.
The water nymph gestures at you. The water swirls and strikes you!!
You hit the water nymph.
The water nymph looks more poisoned.
The water nymph is heavily wounded.
Splash!
You fall into the shallow water.
Moving in this stuff is going to be slow.
The water nymph touches you. The water nymph drowns you!
* * * LOW HITPOINT WARNING * * *
Your unstable footing causes you to fumble your attack.
You miss the water nymph.
The water nymph is severely wounded.
The water nymph gestures at you. The water swirls and strikes you!!
You die...

.#.### ##..P# ##.###.##..#.#
....P## ##.## ###............
......# #..######.#............
.....## #......#.......≈≈≈.....
.P....#####P≈...........≈≈≈≈)....
.....#.P.#≈.....###..#..≈≈≈#...≈≈
........................≈≈.##..≈≈
.................##≈..≈≈≈≈.....≈≈
#..............≈@§≈#E.≈##≈.#....≈
.#.#...........≈m≈≈#..≈#≈≈.#....≈
...............≈≈≈##..≈≈≈≈.......
.#.#............≈≈≈........#..P#.
#..#......P.....≈..=.............
.........#...#..≈.≈...>........#.
....<............................
.................................
...###.........................#.


You could see a water elemental and a water nymph.

Vanquished Creatures
  A hydra (Lair:1)
  4 black mambas
  5 cane toads
  A centaur skeleton (D:5)
  2 komodo dragons (Lair:2)
  A polar bear (Lair:2)
  3 blink frogs
  Prince Ribbit (D:7)
  6 hippogriffs
  A spriggan (Lair:2)
  A water elemental (Lair:2)
  A basilisk (Lair:1)
  11 yaks
  Menkaure (D:4)
  5 crocodiles (Lair:1)
  A water moccasin (Lair:1)
  4 porcupines
  2 ice beasts
  A sky beast (D:5)
  A black bear (Lair:2)
  A phantom (D:6)
  3 wolves (Lair:2)
  3 bullfrogs
  3 big kobolds (Sewer)
  A scorpion (D:7)
  2 howler monkeys
  A crimson imp (D:6)
  An orc priest (D:4)
  2 hounds
  3 iguanas (D:5)
  2 orc wizards
  2 worker ants
  A hell rat (D:7)
  A killer bee zombie (D:6)
  A hound skeleton (D:4)
  A worker ant zombie (D:5)
  3 gnolls (D:5)
  7 adders
  2 river rats (Sewer)
  A shadow imp (D:5)
  2 adder zombies
  5 oozes
  8 worms
  A dart slug (D:1)
  5 leopard geckos
  14 orcs
  6 ball pythons
  6 giant cockroaches
  6 goblins
  6 hobgoblins
  4 jackals (D:2)
  5 quokkas
  A bat (D:2)
  4 frilled lizards
  9 kobolds
  11 rats
  A butterfly (Lair:1)
  A fungus (D:5)
189 creatures vanquished.

Vanquished Creatures (others)
  An orc wizard (D:4)
  5 fungi
  A plant (Lair:1)
  2 toadstools (D:5)
9 creatures vanquished.

Grand Total: 198 creatures vanquished

Notes
Turn   | Place    | Note
-------+----------+-------------------------------------------
     0 | D:1      | esc the Hill Orc Archaeologist began the quest for the Orb.
     0 | D:1      | Reached XP level 1. HP: 16/16 MP: 1/1
    76 | D:1      | Reached skill level 2 in Fighting
    90 | D:1      | Reached XP level 2. HP: 6/24 MP: 2/2
   503 | D:1      | Reached skill level 1 in Armour
   503 | D:1      | Reached XP level 3. HP: 30/30 MP: 3/3
   776 | D:2      | Found a sacrificial altar of Ru.
  1066 | D:2      | Reached XP level 4. HP: 33/37 MP: 4/4
  1069 | D:2      | Reached skill level 3 in Fighting
  1557 | D:3      | Found an ornate altar of the Wu Jian Council.
  1563 | D:3      | Became a worshipper of the Wu Jian Council
  2101 | D:3      | Found a bloodstained altar of Trog.
  2371 | D:3      | Reached XP level 5. HP: 21/45 MP: 5/5
  2371 | D:3      | Identified a scroll of acquirement
  2374 | D:3      | Identified the amulet "Bemuoror" {RegenMP rPois Str+5} (You
                  | acquired it on level 3 of the Dungeon)
  2801 | D:4      | Reached XP level 6. HP: 38/52 MP: 6/6
  2926 | D:4      | Found a shimmering blue altar of Sif Muna.
  2956 | D:4      | Reached skill level 4 in Fighting
  2998 | D:4      | Found an ancient bone altar of Kikubaaqudgha.
  2998 | D:4      | Found a radiant altar of Vehumet.
  3000 | D:4      | Identified Kikubaaqudgha's Incunabulum of Evil Rituals
  3042 | D:4      | Noticed Menkaure
  3054 | D:4      | Killed Menkaure
  3196 | D:4      | Reached XP level 7. HP: 59/60 MP: 7/7
  3391 | D:4      | Reached skill level 5 in Armour
  3468 | D:5      | Entered Level 5 of the Dungeon
  3468 | D:5      | Noticed a yak
  3483 | D:5      | Killed a yak
  3539 | D:5      | Got a pair of crude boots
  3550 | D:5      | Identified the +1 pair of boots of Fortitude {Int+4} (You
                  | found it on level 5 of the Dungeon)
  3556 | D:5      | Reached skill level 5 in Fighting
  3650 | D:5      | Reached * piety under Wu Jian
  3937 | D:5      | Found Abruytou's Book Emporium.
  4076 | D:5      | Reached skill level 6 in Fighting
  4076 | D:5      | Reached XP level 8. HP: 55/70 MP: 8/8
  4107 | D:5      | Found a staircase to the Ecumenical Temple.
  4379 | D:6      | Found a stormy altar of Qazlal.
  4482 | D:6      | Found a glowing drain.
  4504 | Sewer    | Entered a sewer
  4960 | Sewer    | Reached skill level 7 in Fighting
  5037 | Sewer    | Reached ** piety under Wu Jian
  5633 | D:7      | Noticed Prince Ribbit
  5666 | D:7      | Reached XP level 9. HP: 80/80 MP: 9/9
  5679 | D:7      | Killed Prince Ribbit
  5680 | D:7      | Reached skill level 8 in Fighting
  5733 | D:7      | Noticed a death yak
  5733 | D:7      | Noticed a death yak
  5834 | D:7      | Found a staircase to the Lair.
  5836 | D:7      | Reached skill level 9 in Fighting
  5836 | D:7      | Noticed a death yak
  5903 | D:7      | Found a corrupted altar of Lugonu.
  6030 | Lair:1   | Entered Level 1 of the Lair of Beasts
  6222 | Lair:1   | Noticed a black mamba
  6237 | Lair:1   | Killed a black mamba
  6312 | Lair:1   | Noticed an eight-headed hydra
  6340 | Lair:1   | Reached skill level 10 in Fighting
  6348 | Lair:1   | Killed an eight-headed hydra
  6349 | Lair:1   | Reached XP level 10. HP: 34/94 MP: 10/10
  6413 | Lair:1   | Noticed a cane toad
  6474 | Lair:1   | Killed a cane toad
  6475 | Lair:1   | Reached skill level 11 in Fighting
  6659 | Lair:1   | Noticed an oklob plant
  7590 | Lair:1   | Reached skill level 12 in Fighting
  8513 | Lair:2   | Noticed a black mamba
  8549 | Lair:2   | Killed a black mamba
  8550 | Lair:2   | Reached XP level 11. HP: 16/105 MP: 11/11
  9202 | Lair:2   | Reached skill level 13 in Fighting
  9868 | Lair:2   | Reached *** piety under Wu Jian
 11142 | Lair:2   | Killed from afar by a water nymph

Skill      XL: |  1  2  3  4  5  6  7  8  9 10 11 |
---------------+----------------------------------+-----
Fighting       | 2 3 4 6 7 10 12 13 | 13.9
Armour         | 1 2 3 4 7 |  7.0
Short Blades   | | 13.9
Long Blades    | | 13.9
Axes           | | 13.9
Maces & Flails | | 13.9
Polearms       | | 13.9
Staves         | | 13.9
Dodging        | |  2.4
Stealth        | |  2.6
Unarmed Combat | | 13.9

Action                   |  1- 3 |  4- 6 |  7- 9 | 10-12 || total
-------------------------+-------+-------+-------+-------++-------
Melee: Whip              |    42 |       |       |       ||    42
       Dagger            |   149 |   295 |   596 |       ||  1040
       Punch             |     2 |     4 |     7 |    33 ||    46
       Short sword       |       |       |    20 |   624 ||   644
       Rapier            |       |       |       |    80 ||    80
Invok: Lunge             |       |     4 |    13 |    11 ||    28
       Whirlwind         |       |     2 |     5 |     4 ||    11
 Abil: Evoke Berserk Rag |       |       |       |     1 ||     1
       Serpent's Lash    |       |       |       |     1 ||     1
       Wall Jump         |       |       |       |     1 ||     1
Evoke: Wand              |       |       |     6 |     8 ||    14
  Use: Scroll            |     3 |     3 |     3 |     3 ||    12
 Stab: Sleeping          |       |       |     2 |       ||     2
       Paralysed         |       |       |     6 |     3 ||     9
       Distracted        |       |       |       |     1 ||     1
  Eat: Chunk             |     4 |    10 |    17 |    11 ||    42
       Ration            |       |       |       |     3 ||     3
Armor: Ring mail         |    66 |    74 |   114 |    94 ||   348
Dodge: Dodged            |    86 |    80 |   162 |   142 ||   470
